[Event "NOR-ch Various 2019"]
[Site "Larvik"]
[Date "2019.07.09"]
[Round "4.12"]
[White "Skaansar, Lasse"]
[Black "Ratama, Sofie Kristine"]
[Result "1/2-1/2"]
[ECO "A06"]
[WhiteElo "1394"]
[BlackElo "1329"]
[Annotator "NA"]
[PlyCount "119"]
[EventDate "2019.07.06"]
[EventType "swiss"]
[EventCountry "NOR"]
[SourceTitle "playchess.com"]
[Source "ChessBase"]
[SourceQuality "1"]
[TimeControl "40/5400+30:1800+30"]

1. b3 d5 2. Nf3 Bg4 3. Bb2 Bxf3 4. exf3 a6 5. Bd3 e6 6. Nc3 Nf6 7. Ne2 Nc6 8. a3 Bc5 9. Ng3 O-O 10. f4 Re8 11. Nh5 d4 12. Nxf6+ Qxf6 13. Qh5 g6 14. Qxc5 e5 15. O-O-O exf4 16. a4 Rad8 17. Rde1 Rxe1+ 18. Rxe1 Qh4 19. g3 Qxh2 20. gxf4 Qxf4 21. Rf1 Ne5 22. Qe7 Nc6 23. Qe4 Qg5 24. Bxa6 Na5 25. Bxb7 Qc5 26. Kb1 Qb4 27. Ba6 Qxd2 28. Qd3 Qf4 29. Bc1 Qd6 30. Bd2 Nc6 31. Bb5 Ne7 32. Bc4 Nf5 33. b4 Ra8 34. a5 Ne7 35. Qf3 Rf8 36. Qb3 c6 37. a6 Nf5 38. Kb2 Qc7 39. Ra1 Qa7 40. Ra5 Nd6 41. Bd3 Rc8 42. Bf4 Ne8 43. Bc4 Nf6 44. Bxf7+ Qxf7 45. Qxf7+ Kxf7 46. a7 Ra8 47. Bb8 Ke6 48. Rc5 Kd7 49. f3 Ne8 50. Kb3 Nc7 51. Kc4 Na6 52. Kxd4 Nxb8 53. axb8=Q Rxb8 54. c3 Rf8 55. Ke4 Kd6 56. Ke3 Rb8 57. Kf4 h6 58. Ra5 Rb5 59. Ra7 Rf5+ 60. Kg4 1/2-1/2

[Event "NOR-ch Various 2019"]
[Site "Larvik"]
[Date "2019.07.09"]
[Round "4.15"]
[White "Gyldenas, Ole Jorn"]
[Black "Fossan, Petter"]
[Result "0-1"]
[ECO "D40"]
[WhiteElo "1957"]
[BlackElo "2295"]
[Annotator "NA"]
[PlyCount "142"]
[EventDate "2019.07.06"]
[EventType "swiss"]
[EventCountry "NOR"]
[SourceTitle "playchess.com"]
[Source "ChessBase"]
[SourceQuality "1"]
[TimeControl "40/5400+30:1800+30"]

1. d4 Nf6 2. c4 e6 3. Nf3 c5 4. e3 cxd4 5. exd4 d5 6. Nc3 Be7 7. Bg5 O-O 8. Rc1 Nc6 9. Be2 dxc4 10. Bxc4 b6 11. O-O Bb7 12. Qd2 Rc8 13. Be2 Nd5 14. Bxe7 Ncxe7 15. Rfd1 Nf5 16. Ne5 Qe7 17. Nxd5 Bxd5 18. b4 f6 19. Nf3 Rxc1 20. Rxc1 Rd8 21. g4 Bxf3 22. gxf5 Bd5 23. Bg4 exf5 24. Bxf5 g6 25. Bd3 Qe6 26. Qf4 Qd6 27. Qd2 Kg7 28. a3 Rd7 29. Bf1 Qe6 30. Qf4 g5 31. Qg3 Qe4 32. Bg2 Qxd4 33. Bxd5 Qxd5 34. Rc7 Kg6 35. Rxd7 Qxd7 36. Qf3 Qd4 37. Kg2 a5 38. b5 h5 39. Qb3 Kf5 40. a4 h4 41. Kf1 Kf4 42. h3 g4 43. hxg4 Kxg4 44. Kg2 Kf4 45. Qf3+ Kg5 46. Qb3 Qg4+ 47. Kh2 Qf4+ 48. Kg2 Qe4+ 49. Kh2 Kf4 50. Qh3 Ke5 51. Qc3+ Kf5 52. Qb3 Ke5 53. Qc3+ Qd4 54. Qc2 f5 55. Qc7+ Ke4 56. Qc2+ Kf4 57. Kg1 Kg4 58. Qb3 Kf4 59. Kg2 Qe4+ 60. Kg1 Qe2 61. Kg2 Qe4+ 62. Kg1 Kg4 63. Qg8+ Kf3 64. Qb3+ Ke2 65. Qb2+ Kd3 66. Qb1+ Kc4 67. Qc1+ Kb4 68. Qc6 Qd4 69. Qc2 Qg4+ 70. Kh2 h3 71. f4 Qg2+ 0-1

[Event "NOR-ch Various 2019"]
[Site "Larvik"]
[Date "2019.07.09"]
[Round "4.16"]
[White "Odde, Eilif"]
[Black "Dyrnes, Jussi"]
[Result "1-0"]
[ECO "D66"]
[WhiteElo "1969"]
[BlackElo "1765"]
[Annotator "NA"]
[PlyCount "119"]
[EventDate "2019.07.06"]
[EventType "swiss"]
[EventCountry "NOR"]
[SourceTitle "playchess.com"]
[Source "ChessBase"]
[SourceQuality "1"]
[TimeControl "40/5400+30:1800+30"]

1. Nf3 d5 2. d4 Nf6 3. c4 e6 4. Nc3 Be7 5. Bg5 O-O 6. e3 a6 7. Rc1 Nbd7 8. Bd3 Re8 9. O-O c6 10. Re1 b5 11. cxd5 exd5 12. Qc2 h6 13. Bxf6 Bxf6 14. e4 Nf8 15. exd5 Rxe1+ 16. Rxe1 cxd5 17. Ne5 Bb7 18. Bf5 Bc8 19. Bxc8 Rxc8 20. Qf5 b4 21. Nxd5 Bxe5 22. Qxc8 Qxd5 23. Rxe5 Qxd4 24. Re1 Qd2 25. Qc1 Qd6 26. Qd1 Qc5 27. Re8 Kh7 28. h3 Ne6 29. Qd3+ g6 30. Qe3 Qd6 31. Rc8 a5 32. Qf3 Nf4 33. Qb3 Kg7 34. Qe3 g5 35. Rc4 Qd1+ 36. Kh2 Ne2 37. f3 Qd6+ 38. f4 gxf4 39. Qf3 Qd1 40. Qf2 Qd6 41. Re4 f3+ 42. g3 Qd1 43. h4 h5 44. Qxf3 Qg1+ 45. Kh3 Nd4 46. Qg2 Qd1 47. Rf4 Ne2 48. Rf1 Qd7+ 49. Kh2 Nd4 50. Qe4 Ne6 51. Qf5 Kf8 52. Rf2 Qa7 53. Rc2 Qd7 54. Qxh5 Nd4 55. Rf2 Ne6 56. Qxa5 Qd4 57. Qa8+ Kg7 58. Qf3 f6 59. Re2 Qc4 60. Qe4 1-0

[Event "NOR-ch Various 2019"]
[Site "Larvik"]
[Date "2019.07.09"]
[Round "4.17"]
[White "Heier, Odin Nikolai"]
[Black "Melaa, Sondre"]
[Result "0-1"]
[ECO "D00"]
[WhiteElo "1863"]
[BlackElo "2118"]
[Annotator "NA"]
[PlyCount "76"]
[EventDate "2019.07.06"]
[EventType "swiss"]
[EventCountry "NOR"]
[SourceTitle "playchess.com"]
[Source "ChessBase"]
[SourceQuality "1"]
[TimeControl "40/5400+30:1800+30"]

1. d4 d5 2. Bf4 Nf6 3. e3 e6 4. c3 Bd6 5. Bg3 O-O 6. Bd3 b6 7. Nf3 Bb7 8. Nbd2 Ne4 9. Qc2 f5 10. Ne5 Nd7 11. f4 Bxe5 12. fxe5 Qg5 13. Nf1 c5 14. Bf4 Qh4+ 15. Bg3 Qh6 16. Qe2 Rac8 17. Rd1 Nb8 18. Bf2 Nc6 19. a3 a5 20. Nd2 g5 21. O-O Ne7 22. Be1 Ng6 23. a4 Kh8 24. Nf3 Rg8 25. Kh1 Rcf8 26. Nd2 Bc6 27. Ra1 f4 28. Kg1 g4 29. Bc2 Rf7 30. Bd3 Rfg7 31. Bc2 f3 32. Qd1 fxg2 33. Kxg2 Qh3+ 34. Kg1 g3 35. hxg3 Nf4 36. Bxe4 Rxg3+ 37. Bxg3 Qxg3+ 38. Bg2 Qxg2# 0-1

[Event "NOR-ch Various 2019"]
[Site "Larvik"]
[Date "2019.07.09"]
[Round "4.17"]
[White "Kristiansen, Oddvar"]
[Black "Wessel-Berg, Dag"]
[Result "*"]
[ECO "D00"]
[WhiteElo "1479"]
[BlackElo "1486"]
[Annotator "NA"]
[PlyCount "30"]
[EventDate "2019.07.06"]
[EventType "swiss"]
[EventCountry "NOR"]
[SourceTitle "playchess.com"]
[Source "ChessBase"]
[SourceQuality "1"]
[TimeControl "40/5400+30:1800+30"]

1. d4 d5 2. Bf4 Nf6 3. e3 e6 4. c3 Bd6 5. Bg3 O-O 6. Bd3 b6 7. Nf3 Bb7 8. Nbd2 Ne4 9. Qc2 f5 10. Ne5 Nd7 11. f4 Bxe5 12. fxe5 Qg5 13. Nf1 c5 14. Bf4 Qh4+ 15. Bg3 Qh6 *

[Event "NOR-ch Various 2019"]
[Site "Larvik"]
[Date "2019.07.09"]
[Round "4.18"]
[White "Kizatbay, Abyl"]
[Black "Sjoberg, Isak"]
[Result "1/2-1/2"]
[ECO "C45"]
[WhiteElo "2216"]
[BlackElo "2182"]
[Annotator "NA"]
[PlyCount "79"]
[EventDate "2019.07.06"]
[EventType "swiss"]
[EventCountry "NOR"]
[SourceTitle "playchess.com"]
[Source "ChessBase"]
[SourceQuality "1"]
[TimeControl "40/5400+30:1800+30"]

1. e4 e5 2. Nf3 Nc6 3. d4 exd4 4. Nxd4 Bc5 5. Nb3 Bb6 6. Nc3 Nf6 7. Qe2 d6 8. Be3 Qe7 9. O-O-O Be6 10. g3 O-O-O 11. Bg2 Rhe8 12. Rhe1 h6 13. Kb1 Kb8 14. Bxb6 axb6 15. Qb5 Bd7 16. Qf1 Qf8 17. f4 Qh8 18. h3 g5 19. Nb5 Nh5 20. Qf3 g4 21. hxg4 Nf6 22. g5 Bg4 23. Qc3 hxg5 24. N3d4 Bd7 25. e5 dxe5 26. fxe5 Ng4 27. Nxc6+ Bxc6 28. Rxd8+ Rxd8 29. Bxc6 bxc6 30. Nd4 Nxe5 31. a4 c5 32. Nb5 Nc6 33. Qf3 Nd4 34. Qxf7 Nxb5 35. axb5 Qh2 36. Re8 Qh1+ 37. Ka2 Qa8+ 38. Kb1 Qh1+ 39. Ka2 Qa8+ 40. Kb1 1/2-1/2

[Event "NOR-ch Various 2019"]
[Site "Larvik"]
[Date "2019.07.09"]
[Round "4.18"]
[White "Omtvedt, Aleksander"]
[Black "Engeset, Audun"]
[Result "*"]
[ECO "C45"]
[WhiteElo "1871"]
[BlackElo "1944"]
[Annotator "NA"]
[PlyCount "34"]
[EventDate "2019.07.06"]
[EventType "swiss"]
[EventCountry "NOR"]
[SourceTitle "playchess.com"]
[Source "ChessBase"]
[SourceQuality "1"]
[TimeControl "40/5400+30:1800+30"]

1. e4 e5 2. Nf3 Nc6 3. d4 exd4 4. Nxd4 Bc5 5. Nb3 Bb6 6. Nc3 Nf6 7. Qe2 d6 8. Be3 Qe7 9. O-O-O Be6 10. g3 O-O-O 11. Bg2 Rhe8 12. Rhe1 h6 13. Kb1 Kb8 14. Bxb6 axb6 15. Qb5 Bd7 16. Qf1 Qf8 17. f4 Qh8 *

[Event "NOR-ch Various 2019"]
[Site "Larvik"]
[Date "2019.07.09"]
[Round "4.19"]
[White "Sebastian, Andreas"]
[Black "Nielsen, Andre"]
[Result "1/2-1/2"]
[ECO "A47"]
[WhiteElo "1911"]
[BlackElo "2229"]
[Annotator "NA"]
[PlyCount "106"]
[EventDate "2019.07.06"]
[EventType "swiss"]
[EventCountry "NOR"]
[SourceTitle "playchess.com"]
[Source "ChessBase"]
[SourceQuality "1"]
[TimeControl "40/5400+30:1800+30"]

1. d4 Nf6 2. Nf3 b6 3. Bg5 Ne4 4. Bh4 Bb7 5. Nbd2 Nxd2 6. Qxd2 h6 7. e3 g5 8. Bg3 d6 9. Bd3 Bg7 10. c3 Nd7 11. O-O Nf6 12. Rfe1 Ne4 13. Qc2 Nxg3 14. hxg3 Qd7 15. e4 O-O-O 16. a4 Kb8 17. a5 g4 18. Nd2 h5 19. Qb3 h4 20. axb6 cxb6 21. Qxf7 Bh6 22. Nf1 hxg3 23. Nxg3 Rdf8 24. Qa2 Ba8 25. Bb5 Qc7 26. Qc4 Qb7 27. Ba6 Qd7 28. Bb5 Qb7 29. d5 Bf4 30. Qd3 e6 31. dxe6 Qe7 32. Kf1 Qxe6 33. Bc4 Qe5 34. Kg1 Rh6 35. Bd5 Rfh8 36. Rxa7 Bxd5 37. Qa6 R6h7 38. Qxb6+ Rb7 39. Rxb7+ Bxb7 40. Nf5 Bd2 41. Nxd6 Qh2+ 42. Kf1 Qh1+ 43. Ke2 Qxe1+ 44. Kd3 Qf1+ 45. Kxd2 Qa6 46. Qd4 Rd8 47. e5 Bxg2 48. Qxg4 Bb7 49. Qb4 Qa7 50. f4 Qf2+ 51. Kc1 Qe1+ 52. Kc2 Qe2+ 53. Kb1 Qf1+ 1/2-1/2

[Event "NOR-ch Various 2019"]
[Site "Larvik"]
[Date "2019.07.09"]
[Round "4.20"]
[White "Akali, Mark"]
[Black "Oldernes, Lars-Arne"]
[Result "*"]
[ECO "D00"]
[WhiteElo "1730"]
[BlackElo "1684"]
[Annotator "NA"]
[PlyCount "23"]
[EventDate "2019.07.06"]
[EventType "swiss"]
[EventCountry "NOR"]
[SourceTitle "playchess.com"]
[Source "ChessBase"]
[SourceQuality "1"]
[TimeControl "40/5400+30:1800+30"]

1. d4 d5 2. Bf4 Nf6 3. e3 c5 4. Nc3 Bd7 5. Nf3 e6 6. Ne5 Be7 7. Be2 O-O 8. O-O Nc6 9. Bf3 Rc8 10. Ne2 c4 11. Kh1 b5 12. g4 *

[Event "NOR-ch Various 2019"]
[Site "Larvik"]
[Date "2019.07.09"]
[Round "4.20"]
[White "Opseth, Oliver"]
[Black "Kjaras, Alf Marius"]
[Result "0-1"]
[ECO "D00"]
[WhiteElo "1714"]
[BlackElo "1860"]
[Annotator "NA"]
[PlyCount "76"]
[EventDate "2019.07.06"]
[EventType "swiss"]
[EventCountry "NOR"]
[SourceTitle "playchess.com"]
[Source "ChessBase"]
[SourceQuality "1"]
[TimeControl "40/5400+30:1800+30"]

1. d4 d5 2. Bf4 Nf6 3. e3 c5 4. Nc3 Bd7 5. Nf3 e6 6. Ne5 Be7 7. Be2 O-O 8. O-O Nc6 9. Bf3 Rc8 10. Ne2 c4 11. Kh1 b5 12. g4 a5 13. Rg1 Ne8 14. g5 Nd6 15. Qf1 Nf5 16. Qh3 Nxe5 17. dxe5 Qb6 18. Ng3 g6 19. Nxf5 exf5 20. Rg3 Rfd8 21. Qg2 d4 22. Rd1 d3 23. cxd3 cxd3 24. h4 Bc6 25. e4 fxe4 26. Bxe4 Bxe4 27. Qxe4 Rd4 28. Qf3 Rcc4 29. Be3 Rxh4+ 30. Kg2 Qd8 31. b3 Rc2 32. Bf4 d2 33. Qe3 Qd5+ 34. Qf3 Qd4 35. Qa8+ Kg7 36. Be3 Qxe5 37. Bxd2 Rxd2 38. Rxd2 Qe1 0-1

[Event "NOR-ch Various 2019"]
[Site "Larvik"]
[Date "2019.07.09"]
[Round "4.21"]
[White "Nordquelle, Daniel"]
[Black "Bruaset, Eivind"]
[Result "0-1"]
[ECO "C07"]
[WhiteElo "2181"]
[BlackElo "2074"]
[Annotator "NA"]
[PlyCount "98"]
[EventDate "2019.07.06"]
[EventType "swiss"]
[EventCountry "NOR"]
[SourceTitle "playchess.com"]
[Source "ChessBase"]
[SourceQuality "1"]
[TimeControl "40/5400+30:1800+30"]

1. e4 e6 2. d4 d5 3. Nd2 c5 4. exd5 Qxd5 5. Ngf3 cxd4 6. Bc4 Qd7 7. O-O Nc6 8. Nb3 Nf6 9. Bf4 a6 10. a4 b6 11. Ne5 Nxe5 12. Bxe5 Bb7 13. Nxd4 Be7 14. c3 Bd5 15. Bxd5 Qxd5 16. Bc7 Qb7 17. Be5 O-O 18. Re1 Nd7 19. Bf4 Bf6 20. Nf3 Rfd8 21. Qc2 Nc5 22. Be3 Rd5 23. b4 Nd3 24. Red1 Rad8 25. Rab1 Qc7 26. Nd4 Nf4 27. g3 Ng6 28. Qb3 b5 29. axb5 axb5 30. Ne2 h6 31. Bc5 Ne5 32. Rxd5 Rxd5 33. Nd4 Qb7 34. Qc2 Nc4 35. Ra1 Bxd4 36. Bxd4 e5 37. Bc5 g6 38. Ra7 Qc6 39. Ra2 Rd2 40. Qb1 Qd5 41. Rxd2 Nxd2 42. Qc2 Nf3+ 43. Kf1 Qc4+ 44. Qe2 Nxh2+ 45. Ke1 Qxc3+ 46. Kd1 Nf3 47. Be3 Nd4 48. Qa2 Qd3+ 49. Kc1 Qf1+ 0-1

[Event "NOR-ch Various 2019"]
[Site "Larvik"]
[Date "2019.07.09"]
[Round "4.22"]
[White "Ihlen, Sivert"]
[Black "Tunsjo, Axel"]
[Result "1/2-1/2"]
[ECO "B48"]
[WhiteElo "1580"]
[BlackElo "2039"]
[Annotator "NA"]
[PlyCount "84"]
[EventDate "2019.07.06"]
[EventType "swiss"]
[EventCountry "NOR"]
[SourceTitle "playchess.com"]
[Source "ChessBase"]
[SourceQuality "1"]
[TimeControl "40/5400+30:1800+30"]

1. e4 c5 2. Nf3 e6 3. d4 cxd4 4. Nxd4 Nc6 5. Nc3 Qc7 6. Be3 a6 7. Qf3 Nf6 8. O-O-O b5 9. e5 Bb7 10. Ndxb5 axb5 11. Nxb5 Qc8 12. Qe2 Nd5 13. Rxd5 exd5 14. Bb6 Be7 15. Nc7+ Kf8 16. Nxa8 Qxa8 17. Kb1 Qa4 18. a3 g6 19. Qd2 Kg7 20. Qxd5 Nb4 21. Qb3 Qxb3 22. cxb3 Be4+ 23. Ka1 Rb8 24. Ba5 Nc6 25. Bc3 Rxb3 26. e6+ Bf6 27. Bxf6+ Kxf6 28. Bc4 Rb8 29. f3 Bf5 30. exf7 Be6 31. Bxe6 Kxe6 32. b4 Kxf7 33. Kb2 Re8 34. Rd1 Re2+ 35. Kc3 Ke6 36. Rd2 Rxd2 37. Kxd2 Kd5 38. Kc3 Nd4 39. Kd3 g5 40. a4 Nc6 41. Kc3 Nd4 42. Kd3 Nc6 1/2-1/2

[Event "NOR-ch Various 2019"]
[Site "Larvik"]
[Date "2019.07.09"]
[Round "4.22"]
[White "Borseth, Sivert"]
[Black "Tunsjo, Axel"]
[Result "*"]
[ECO "B48"]
[WhiteElo "1371"]
[BlackElo "2039"]
[Annotator "NA"]
[PlyCount "67"]
[EventDate "2019.07.06"]
[EventType "swiss"]
[EventCountry "NOR"]
[SourceTitle "playchess.com"]
[Source "ChessBase"]
[SourceQuality "1"]
[TimeControl "40/5400+30:1800+30"]

1. e4 c5 2. Nf3 e6 3. d4 cxd4 4. Nxd4 Nc6 5. Nc3 Qc7 6. Be3 a6 7. Qf3 Nf6 8. O-O-O b5 9. e5 Bb7 10. Ndxb5 axb5 11. Nxb5 Qc8 12. Qe2 Nd5 13. Rxd5 exd5 14. Bb6 Be7 15. Nc7+ Kf8 16. Nxa8 Qxa8 17. Kb1 Qa4 18. a3 g6 19. Qd2 Kg7 20. Qxd5 Nb4 21. Qb3 Qxb3 22. cxb3 Be4+ 23. Ka1 Rb8 24. Ba5 Nc6 25. Bc3 Rxb3 26. e6+ Bf6 27. Bxf6+ Kxf6 28. Bc4 Rb8 29. f3 Bf5 30. exf7 Be6 31. Bxe6 Kxe6 32. b4 Kxf7 33. Kb2 Re8 34. Rd1 *

[Event "NOR-ch Various 2019"]
[Site "Larvik"]
[Date "2019.07.09"]
[Round "4.23"]
[White "Evenshaug, Amadeus Hestvik"]
[Black "Nordquelle, Amelia"]
[Result "1-0"]
[ECO "C56"]
[WhiteElo "1769"]
[BlackElo "1648"]
[Annotator "NA"]
[PlyCount "67"]
[EventDate "2019.07.06"]
[EventType "swiss"]
[EventCountry "NOR"]
[SourceTitle "playchess.com"]
[Source "ChessBase"]
[SourceQuality "1"]
[TimeControl "40/5400+30:1800+30"]

1. e4 e5 2. Nf3 Nc6 3. d4 exd4 4. Bc4 Nf6 5. O-O Bc5 6. e5 d5 7. Bb5 Ng8 8. Nxd4 Nge7 9. Bg5 Bxd4 10. Bxc6+ bxc6 11. Qxd4 h6 12. Bd2 O-O 13. Re1 Nf5 14. Qc5 Bd7 15. Bc3 Qg5 16. Bd2 Qg6 17. Bf4 Rfb8 18. b3 Rb5 19. Qc3 c5 20. a4 Rb4 21. Bg3 Rg4 22. Qxc5 h5 23. Qxc7 Bc6 24. e6 Nd4 25. c3 Ne2+ 26. Rxe2 Be8 27. e7 h4 28. Qd8 Qc6 29. h3 Rg6 30. Bxh4 f5 31. Rd2 Rd6 32. Qa5 a6 33. Bg3 Rg6 34. Qxd5+ 1-0

[Event "NOR-ch Various 2019"]
[Site "Larvik"]
[Date "2019.07.09"]
[Round "4.24"]
[White "Helliesen, Lykke-Merlot"]
[Black "Olsen, William Alexander"]
[Result "1-0"]
[ECO "A47"]
[WhiteElo "1505"]
[BlackElo "1764"]
[Annotator "NA"]
[PlyCount "35"]
[EventDate "2019.07.06"]
[EventType "swiss"]
[EventCountry "NOR"]
[SourceTitle "playchess.com"]
[Source "ChessBase"]
[SourceQuality "1"]
[TimeControl "40/5400+30:1800+30"]

1. d4 Nf6 2. Bf4 e6 3. e3 b6 4. Nf3 Be7 5. Nbd2 Bb7 6. c4 O-O 7. Bd3 c5 8. b3 Nc6 9. h4 d5 10. a3 dxc4 11. Nxc4 cxd4 12. exd4 Nd5 13. Bd2 Bf6 14. Bxh7+ Kxh7 15. Ng5+ Kg8 16. Qh5 Bxg5 17. hxg5 f6 18. g6 1-0

[Event "NOR-ch Various 2019"]
[Site "Larvik"]
[Date "2019.07.09"]
[Round "4.24"]
[White "Nordlov, Jorgen"]
[Black "Skretteberg, Martin"]
[Result "*"]
[ECO "A47"]
[WhiteElo "1263"]
[BlackElo "1397"]
[Annotator "NA"]
[PlyCount "24"]
[EventDate "2019.07.06"]
[EventType "swiss"]
[EventCountry "NOR"]
[SourceTitle "playchess.com"]
[Source "ChessBase"]
[SourceQuality "1"]
[TimeControl "40/5400+30:1800+30"]

1. d4 Nf6 2. Bf4 e6 3. e3 b6 4. Nf3 Be7 5. Nbd2 Bb7 6. c4 O-O 7. Bd3 c5 8. b3 Nc6 9. h4 d5 10. a3 dxc4 11. Nxc4 cxd4 12. exd4 Nd5 *

[Event "NOR-ch Various 2019"]
[Site "Larvik"]
[Date "2019.07.09"]
[Round "4.25"]
[White "Brattgjerd, Isak Vinh"]
[Black "Haug, Havard"]
[Result "1-0"]
[ECO "B24"]
[WhiteElo "1571"]
[BlackElo "1483"]
[Annotator "NA"]
[PlyCount "149"]
[EventDate "2019.07.06"]
[EventType "swiss"]
[EventCountry "NOR"]
[SourceTitle "playchess.com"]
[Source "ChessBase"]
[SourceQuality "1"]
[TimeControl "40/5400+30:1800+30"]

1. e4 c5 2. Nc3 Nc6 3. g3 d6 4. Bg2 e6 5. Nge2 Nf6 6. d3 Be7 7. O-O O-O 8. f4 Re8 9. b3 Bd7 10. Bb2 Ng4 11. Qd2 c4 12. Bf3 cxd3 13. cxd3 Nf6 14. Rac1 e5 15. Nd5 Bf8 16. Nec3 Be6 17. Ne3 Nd4 18. Bg2 Bxb3 19. axb3 Nxb3 20. Qf2 Nxc1 21. Rxc1 a5 22. Ra1 Be7 23. Nc4 exf4 24. gxf4 Ng4 25. Qg3 h5 26. h3 Nh6 27. Nd5 g6 28. Nxe7+ Qxe7 29. Nb6 Red8 30. Nxa8 Rxa8 31. Qg5 Qf8 32. f5 Kh7 33. fxg6+ fxg6 34. Rxa5 Rxa5 35. Qxa5 Qc8 36. Qb4 Nf7 37. Qb3 Ne5 38. Qd5 Qc2 39. Bxe5 dxe5 40. Qxe5 Qxd3 41. Qc7+ Kh6 42. e5 Qg3 43. Qc5 Qe1+ 44. Kh2 h4 45. Qf8+ Kh7 46. Qf7+ Kh6 47. Qf4+ Kh7 48. Bxb7 Qe2+ 49. Bg2 Qe1 50. Qg5 Kg7 51. Qf4 Kh7 52. Qe4 Qg3+ 53. Kh1 Qg5 54. Qd4 Qg3 55. Qd7+ Kh6 56. Qd2+ Kg7 57. Qe2 Qg5 58. Qb5 Qc1+ 59. Qf1 Qe3 60. Qf6+ Kg8 61. Qxg6+ Kh8 62. Qf6+ Kg8 63. Bd5+ Kh7 64. Qxh4+ Kg7 65. Qg4+ Kh6 66. Qh4+ Kg7 67. Qf6+ Kh7 68. Qf5+ Kh6 69. Bg2 Qc1+ 70. Kh2 Qc7 71. Qf6+ Kh7 72. Be4+ Kg8 73. Bd5+ Kh7 74. Qf7+ Kh8 75. Qg8# 1-0

[Event "NOR-ch Various 2019"]
[Site "Larvik"]
[Date "2019.07.09"]
[Round "4.26"]
[White "Schouten, Mathias Lind"]
[Black "Kvendseth, Thyra"]
[Result "1/2-1/2"]
[ECO "C54"]
[WhiteElo "1961"]
[BlackElo "1967"]
[Annotator "NA"]
[PlyCount "79"]
[EventDate "2019.07.06"]
[EventType "swiss"]
[EventCountry "NOR"]
[SourceTitle "playchess.com"]
[Source "ChessBase"]
[SourceQuality "1"]
[TimeControl "40/5400+30:1800+30"]

1. e4 e5 2. Nf3 Nc6 3. Bc4 Bc5 4. O-O Nf6 5. d3 O-O 6. c3 d6 7. a4 a6 8. h3 Ba7 9. Be3 Ne7 10. Nbd2 Ng6 11. Re1 c6 12. Bxa7 Rxa7 13. d4 exd4 14. Nxd4 d5 15. exd5 Nxd5 16. Nf1 Ndf4 17. Nf3 Qf6 18. Qd4 Qxd4 19. Nxd4 c5 20. Nf3 Bd7 21. Ne5 Nxe5 22. Rxe5 b6 23. Re7 Ng6 24. Re3 Bc6 25. b3 Rd8 26. g3 Raa8 27. Be2 Bd5 28. c4 Bc6 29. f4 Rd7 30. Rd1 Rxd1 31. Bxd1 Rd8 32. Be2 a5 33. Rd3 Rxd3 34. Bxd3 Ne7 35. Ne3 f6 36. Nd1 Kf7 37. Nc3 h6 38. Kf2 Ke6 39. Ke3 Bg2 40. h4 {[%emt 0:00:14] Ke5 Ke4+} 1/2-1/2

[Event "NOR-ch Various 2019"]
[Site "Larvik"]
[Date "2019.07.09"]
[Round "4.27"]
[White "Tenold, Andreas"]
[Black "Sekkingstad, Thomas"]
[Result "1-0"]
[ECO "B12"]
[WhiteElo "1813"]
[BlackElo "1718"]
[Annotator "NA"]
[PlyCount "81"]
[EventDate "2019.07.06"]
[EventType "swiss"]
[EventCountry "NOR"]
[SourceTitle "playchess.com"]
[Source "ChessBase"]
[SourceQuality "1"]
[TimeControl "40/5400+30:1800+30"]

1. e4 c6 2. d4 d5 3. e5 Bf5 4. h4 c5 5. c3 Nc6 6. h5 h6 7. g4 Bh7 8. e6 cxd4 9. exf7+ Kxf7 10. cxd4 e6 11. Bd3 Bxd3 12. Qxd3 Qf6 13. Be3 Bd6 14. Ne2 Qf3 15. Rg1 Bh2 16. Nd2 Qf6 17. Rg2 Bd6 18. O-O-O Nb4 19. Qb3 Ne7 20. a3 Rhc8+ 21. Kb1 Nbc6 22. f4 Na5 23. Qd3 Nc4 24. Nxc4 Rxc4 25. Ng3 Kg8 26. Rf1 Qh4 27. Qe2 Rf8 28. Rh2 Qf6 29. Rhh1 b5 30. g5 Qf7 31. Rhg1 Kh8 32. f5 exf5 33. gxh6 gxh6 34. Bxh6 Rg8 35. Bf4 Bxf4 36. Rxf4 Nc6 37. Rxf5 Rxg3 38. Rxf7 Rxg1+ 39. Ka2 Rcc1 40. Qe8+ Rg8 41. Qe6 1-0

[Event "NOR-ch Various 2019"]
[Site "Larvik"]
[Date "2019.07.09"]
[Round "4.28"]
[White "Andersen, Lars Even"]
[Black "Hobber, Anders"]
[Result "1/2-1/2"]
[ECO "D02"]
[WhiteElo "2314"]
[BlackElo "2294"]
[Annotator "NA"]
[PlyCount "28"]
[EventDate "2019.07.06"]
[EventType "swiss"]
[EventCountry "NOR"]
[SourceTitle "playchess.com"]
[Source "ChessBase"]
[SourceQuality "1"]
[TimeControl "40/5400+30:1800+30"]

1. Nf3 d5 2. g3 c6 3. Bg2 Bg4 4. d4 Nf6 5. Nbd2 e6 6. h3 Bh5 7. Ne5 Nbd7 8. Ndf3 Nxe5 9. Nxe5 Nd7 10. Bf4 Be7 11. Qd3 Nxe5 12. Bxe5 O-O 13. O-O Bg6 14. Qb3 Qb6 1/2-1/2

[Event "NOR-ch Various 2019"]
[Site "Larvik"]
[Date "2019.07.09"]
[Round "4.29"]
[White "Lund, Gunnar"]
[Black "Brodtkorb, Lars Johan"]
[Result "1/2-1/2"]
[ECO "A13"]
[WhiteElo "2285"]
[BlackElo "2077"]
[Annotator "NA"]
[PlyCount "136"]
[EventDate "2019.07.06"]
[EventType "swiss"]
[EventCountry "NOR"]
[SourceTitle "playchess.com"]
[Source "ChessBase"]
[SourceQuality "1"]
[TimeControl "40/5400+30:1800+30"]

1. b3 d5 2. Bb2 Nf6 3. Nf3 e6 4. e3 Be7 5. Be2 O-O 6. O-O b6 7. c4 dxc4 8. Bxc4 Bb7 9. Nc3 c5 10. d4 Nc6 11. Qe2 cxd4 12. Rfd1 Qc8 13. exd4 Na5 14. Bd3 Qd8 15. Ne5 Nc6 16. Nxc6 Bxc6 17. Bb5 Bb7 18. Ba6 Qd7 19. Bb5 Qd6 20. Qe5 Rfd8 21. Qxd6 Bxd6 22. Ne2 Rac8 23. Rac1 Nd5 24. Rxc8 Rxc8 25. Rc1 Rxc1+ 26. Bxc1 Be7 27. Bd2 Bf6 28. Bc4 Kf8 29. Bxd5 Bxd5 30. Bf4 Be4 31. Bd6+ Kg8 32. Be5 Bg5 33. Bb8 a6 34. Nc3 Bc6 35. Na4 Bd8 36. Nc3 Kf8 37. f3 Ke7 38. Kf2 Kd7 39. Ke3 Be7 40. Kd3 Bb7 41. Be5 f6 42. Bb8 Bc6 43. Bf4 Bd8 44. Ke3 g5 45. Bg3 f5 46. Be5 b5 47. g3 a5 48. a4 b4 49. Nb1 g4 50. f4 Be4 51. Nd2 Bc2 52. Bg7 Kc6 53. Bh8 Kd5 54. Bg7 Be7 55. Bh8 h5 56. Bg7 h4 57. Bh8 h3 58. Bg7 Bd1 59. Kd3 Bd8 60. Ke3 Bc7 61. Bf6 Bc2 62. Bg7 Bb8 63. Bf6 Bd6 64. Bg7 Bc7 65. Bf6 Bd1 66. Bg7 Bd8 67. Bh8 Bh4 68. Kf2 Be7 1/2-1/2

[Event "NOR-ch Various 2019"]
[Site "Larvik"]
[Date "2019.07.09"]
[Round "4.30"]
[White "Hole, Oystein"]
[Black "Gulbrandsen, Tor"]
[Result "1/2-1/2"]
[ECO "D52"]
[WhiteElo "2293"]
[BlackElo "2120"]
[Annotator "NA"]
[PlyCount "38"]
[EventDate "2019.07.06"]
[EventType "swiss"]
[EventCountry "NOR"]
[SourceTitle "playchess.com"]
[Source "ChessBase"]
[SourceQuality "1"]
[TimeControl "40/5400+30:1800+30"]

1. Nf3 d5 2. d4 Nf6 3. c4 e6 4. Nc3 c6 5. Bg5 Nbd7 6. e3 Qa5 7. cxd5 exd5 8. Nd2 Bb4 9. Qc2 O-O 10. Bd3 h6 11. Bh4 Re8 12. O-O Be7 13. a3 Qd8 14. Bg3 Nf8 15. b4 b6 16. h3 Bd6 17. Bxd6 Qxd6 18. Nf3 N8d7 19. Rfd1 Bb7 1/2-1/2